 Dungeon Crawl Stone Soup version 0.21.1-1-g345015f (webtiles) character file.

184629 diana the Fencer (level 17, -3/148 HPs)
             Began as a Demonspawn Gladiator on June 4, 2018.
             Was the Champion of Cheibriados.
             Killed from afar by a nagaraja (8 damage)
             ... with a splash of poison
             ... on level 3 of the Snake Pit.
             The game lasted 02:02:05 (29608 turns).

diana the Fencer (Demonspawn Gladiator)            Turns: 29608, Time: 02:02:06

Health: -3/148     AC: 23    Str: 43    XL:     17   Next: 78%
Magic:  29/29      EV: 35    Int: 26    God:    Cheibriados [******]
Gold:   1266       SH:  4    Dex: 39    Spells: 28/33 levels left

rFire    + . .     SeeInvis .   K - +4 double sword
rCold    . . .     Gourm    .   (no shield)
rNeg     . . .     Faith    .   C - +3 troll leather armour {Snorg}
rPois    .         Spirit   .   (helmet unavailable)
rElec    +         Reflect  +   V - +0 cloak of the Wumpus {rElec}
rCorr    .         Harm     .   a - +0 pair of gloves "Dioxal" {Regen+ Str+7}
MR       +....                  I - +2 pair of boots {Stlth+}
Stlth    +++++.....             S - +4 amulet of reflection
HPRegen  1.14/turn              J - +3 ring of protection
MPRegen  0.21/turn              q - +4 ring of protection

@: mighty, agile, lethally poisoned (-3 -> -5), about to teleport, very slightly
contaminated, very slow
A: horns 3, rugged brown scales 3, fire resistance 1, powered by pain 3, shaggy
fur 1, spiny 2
a: Bend Time, Temporal Distortion, Slouch, Step From Time, Renounce Religion


You were on level 3 of the Snake Pit.
You worshipped Cheibriados.
Cheibriados was exalted by your worship.
You were not hungry.

You visited 4 branches of the dungeon, and saw 27 of its levels.
You also visited: Labyrinth.

You collected 2489 gold pieces.
You spent 1223 gold pieces at shops.

Inventory:

Hand Weapons
 K - a +4 double sword (weapon)
 M - a +4 demon blade of venom
Missiles
 y - 5 throwing nets (quivered)
Armour
 a - the +0 pair of gloves "Dioxal" (worn) {Regen+ Str+7}
   (You bought it in a shop on level 2 of the Orcish Mines)

   It affects your strength (+7).
   It increases your rate of regeneration.
 C - a +3 troll leather armour (worn) {Snorg}
 I - a +2 pair of boots of stealth (worn)
 V - the +0 cloak of the Wumpus (worn) {rElec}
   (You found it on level 4 of the Snake Pit)

   It insulates you from electricity.
Jewellery
 g - an uncursed ring of wizardry
 h - an uncursed ring of see invisible
 q - a +4 ring of protection (right hand)
 J - a +3 ring of protection (left hand)
 S - a +4 amulet of reflection (around neck)
Wands
 b - a wand of acid (4)
 i - a wand of enslavement (31)
 n - a wand of paralysis (32)
 r - a wand of polymorph (26)
 t - a wand of disintegration (37)
 v - a wand of digging (13)
 B - a wand of flame (69)
 G - a wand of iceblast (45)
 N - a wand of clouds (14)
Scrolls
 c - 6 scrolls of fog
 e - 9 scrolls of remove curse
 j - 7 scrolls of enchant weapon
 k - 2 scrolls of identify
 l - 6 scrolls of teleportation
 m - 2 scrolls of fear
 o - 3 scrolls of immolation
 s - 4 scrolls of magic mapping
 E - 2 scrolls of brand weapon
 F - a scroll of summoning
 Q - 2 scrolls of holy word
 U - 4 scrolls of enchant armour
 Z - 4 scrolls of amnesia
Potions
 d - a potion of cancellation
 p - 3 potions of flight
 w - a potion of resistance
 A - 4 potions of brilliance
 D - 3 potions of magic
 L - 4 potions of mutation
 O - a potion of might
 R - 2 potions of lignification
 T - a potion of invisibility
Books
 H - a book of Clouds

   Spells                             Type                      Level
   a - Poisonous Vapours              Poison/Air                   2
   b - Mephitic Cloud                 Conjuration/Poison/Air       3
   c - Conjure Flame                  Conjuration/Fire             3
   d - Freezing Cloud                 Conjuration/Ice/Air          6
   e - Ring of Flames                 Charms/Fire                  7
Miscellaneous
 u - a lamp of fire
 z - 2 phantom mirrors
 W - a box of beasts
 Y - a lightning rod (4/4)
Comestibles
 f - 50 rations


   Skills:
 + Level 14.1 Fighting
 * Level 17.6 Long Blades
 - Level 1.7 Throwing
 + Level 13.2 Dodging
 + Level 8.8 Spellcasting
 - Level 7.5 Necromancy
 - Level 15.8 Invocations


You had 28 spell levels left.
You knew the following spells:

 Your Spells              Type           Power        Failure   Level  Hunger
a - Apportation           Tloc           ##....       5%          1    None
b - Regeneration          Chrm/Necr      ####......   3%          3    None
c - Beastly Appendage     Tmut           ##....       5%          1    None


Dungeon Overview and Level Annotations

Branches:
Dungeon (15/15)            Temple (0/1) D:6            Lair (6/6) D:9
  Swamp (0/4) Lair:2        Snake (4/4) Lair:2        Slime (0/5) Lair:6
    Orc (2/2) D:12            Elf (0/3) Orc:2        Vaults (0/5) D:14
 Depths (0/5) D:15

Altars:
Cheibriados
Elyvilon
Fedhas
Hepliaklqana
Okawaru
Qazlal
Sif Muna
Wu Jian
Xom
Yredelemnul
Zin
The Shining One
Beogh
Jiyva

Shops:
D:14 [   Orc:2 }([(   Snake:2 :%*}

Portals:
Trove: D:12 (give +6 demon whip)

Annotations:
D:10 exclusion: oklob plant
D:13 exclusion: oklob plant


Innate Abilities, Weirdness & Mutations

You have a pair of large horns on your head.
You are completely covered in rugged brown scales. (AC +3, +7% HP)
You are powered by pain.
You are mostly covered in sharp spines.
Your flesh is heat resistant. (rF+)
You are covered in fur. (AC +1)


Message History

The nagaraja mumbles some strange words.
The nagaraja seems to speed up.
Things that are here:
a robe; a halberd of flaming You're too confused to move!
You feel sick.
You feel less invigorated.
You feel less confused.
You feel very sick. The nagaraja casts a spell at you.
The orb of energy hits you!
* * * LOW HITPOINT WARNING * * *
The naga sharpshooter spits poison at you.
The splash of poison misses you.
As you read the scroll of teleportation, it crumbles to dust.
You feel strangely unstable.
You feel sick.
You feel sick. The nagaraja spits poison at you. The splash of poison hits you!
You are more poisoned.
You die...

##.))[## ##.###≈≈≈≈.≈≈≈≈≈≈.##.#
...)[([#####...##≈≈≈P..≈.≈≈≈.##)#
...###[(##...................##.#
.### ##.)....##[.............##.#
## ##.....#.....###...#..###.# #
##...#......##.......###.# #
#...#...?).#............# ##
##.....)>).#..####.....## .#
#.....[@[...## ###..... .##
#...........# ###... ..#
##.........## ##.. ..##
##........## ##.
...#######N.N.......### #..
......))[..)..).[)....# #..
......[>[...........### ###
.###..[[###........## ####...##
##......##


You could see a nagaraja and a naga sharpshooter.

Vanquished Creatures
  The ghost of Raikon the Warrior, an adept MiGl of Makhleb (D:15)
  16 nagarajas
  A frost giant (D:15)
  An orc warlord (Orc:2)
  A war gargoyle (D:14)
  Nessos (D:14)
  2 entropy weavers (D:13)
  Snorg (Lair:3)
  A minotaur (Lab)
  Josephine (Lair:6)
  The ghost of diana the Carver, a journeyman MiFi of Ru (D:12)
  4 hydras
  Harold (Lair:4)
  13 naga warriors
  3 centaur warriors
  Erica (D:8)
  14 anacondas
  A catoblepas (Lair:6)
  8 two-headed ogres
  A queen ant (D:13)
  3 death yaks (Lair:6)
  An ogre mage (D:14)
  5 orc high priests
  2 tengu warriors (D:15)
  Urug (D:14)
  Nergalle (D:12)
  6 shock serpents
  11 naga sharpshooters
  3 salamander mystics
  3 skeletal warriors (D:15)
  3 slime creatures (D:14)
  The ghost of Zorot the Skirmisher, a novice OpMo of Makhleb (D:9)
  9 naga ritualists
  5 sea snakes (Snake:3)
  Pikel (D:8)
  2 unseen horrors
  A wolf spider zombie (D:15)
  4 cyclopes
  10 mana vipers
  2 orc sorcerers (Orc:2)
  16 salamanders
  2 manticores
  3 elephants (Lair:5)
  39 black mambas
  16 guardian serpents
  An eye of devastation (shapeshifter) (D:14)
  22 naga magi
  9 gargoyles
  4 spiny frogs
  An efreet (D:13)
  4 komodo dragons
  4 rime drakes
  2 freezing wraiths
  3 kobold demonologists (D:13)
  A yaktaur (D:15)
  A redback zombie (D:15)
  2 minotaur zombies (Lab)
  Grinder (D:4)
  10 polar bears
  3 hornets (D:9)
  10 trolls
  8 hippogriffs
  Prince Ribbit (D:6)
  A raiju (Lair:6)
  21 blink frogs
  The ghost of Flubbersnuff the Vandal, an amateur HaHu of Okawaru (D:4)
  6 dream sheep (Lair:5)
  Sigmund (D:6)
  2 redbacks (Lab)
  8 wraiths
  23 yaks
  3 vampires
  16 humans (D:14)
  A wyvern (Lair:2)
  8 hungry ghosts
  A basilisk (D:14)
  The ghost of Jaiteiro the Shield-Bearer, an amateur HaFi (D:3)
  45 nagas
  9 wargs
  2 acid dragons
  9 soldier ants
  6 water moccasins
  14 hell hounds (Lair:6)
  Duvessa (D:4)
  A soldier ant (shapeshifter) (D:14)
  13 ice beasts
  5 sky beasts
  37 orc warriors
  9 porcupines
  3 phantoms
  12 black bears
  A slave (D:8)
  3 necrophages
  8 ogres
  An eye of draining (D:11)
  10 centaurs
  19 wolves
  16 crocodiles
  3 big kobolds
  20 bullfrogs
  An earth elemental (Lab)
  6 scorpions
  Dowan (D:4)
  2 howler monkeys
  A killer bee (D:3)
  5 wights (D:7)
  7 crimson imps
  5 centaur zombies
  13 jellies
  7 hounds
  22 orc priests
  6 iguanas
  A gnoll shaman (D:4)
  Jessica (D:3)
  5 bullfrog skeletons
  4 centaur skeletons
  Ijyb (D:4)
  32 worker ants
  29 orc wizards
  A hound zombie (D:10)
  2 hound skeletons
  8 gnolls
  A howler monkey skeleton (D:11)
  20 adders
  3 shadow imps
  15 oozes
  An adder zombie (D:7)
  2 dart slugs
  5 leopard geckos
  130 orcs
  A ball python (D:4)
  4 giant cockroaches
  15 goblins
  16 hobgoblins
  12 jackals
  6 quokkas
  8 bats
  4 frilled lizards
  20 kobolds
  A leopard gecko skeleton (D:7)
  A leopard gecko zombie (D:9)
  2 quokka skeletons
  A quokka zombie (D:8)
  8 rats
  2 plants (Lair:5)
1088 creatures vanquished.

Vanquished Creatures (collateral kills)
  An anaconda (Snake:3)
  A black mamba (Snake:3)
  2 naga magi (Snake:3)
  6 nagas (Snake:3)
10 creatures vanquished.

Vanquished Creatures (others)
  A naga (Snake:4)
  A bullfrog (D:8)
  3 howler monkeys (D:8)
  10 fungi
  33 plants
48 creatures vanquished.

Grand Total: 1146 creatures vanquished

Notes
Turn   | Place    | Note
-------+----------+-------------------------------------------
     0 | D:1      | diana the Demonspawn Gladiator began the quest for the Orb.
     0 | D:1      | Reached XP level 1. HP: 16/16 MP: 1/1
   153 | D:1      | Reached skill level 3 in Long Blades
   167 | D:1      | Gained mutation: You are partially covered in rugged brown scales. (AC +1, +3% HP) [demonic ancestry]
   167 | D:1      | Reached XP level 2. HP: 4/22 MP: 2/2
   776 | D:1      | Reached XP level 3. HP: 27/28 MP: 3/3
  1056 | D:2      | Found a snail-covered altar of Cheibriados.
  1076 | D:2      | Became a worshipper of Cheibriados the Contemplative
  1335 | D:2      | Reached * piety under Cheibriados
  1349 | D:2      | Reached XP level 4. HP: 15/35 MP: 4/4
  2177 | D:3      | Noticed Jessica
  2190 | D:3      | Reached skill level 4 in Long Blades
  2192 | D:3      | Killed Jessica
  2195 | D:3      | Noticed Jaiteiro's ghost (amateur HaFi)
  2373 | D:4      | Noticed Ijyb
  2381 | D:4      | Killed Ijyb
  2381 | D:4      | Gained mutation: You sometimes gain a little power by taking damage. [demonic ancestry]
  2381 | D:4      | Reached XP level 5. HP: 39/42 MP: 5/5
  2401 | D:4      | Noticed Dowan
  2459 | D:3      | Reached ** piety under Cheibriados
  2490 | D:3      | Was placed under penance by Cheibriados
  2503 | D:3      | Was forgiven by Cheibriados
  2772 | D:3      | Noticed a phantom
  2783 | D:3      | Gained mutation: You are mostly covered in rugged brown scales. (AC +2, +5% HP) [demonic ancestry]
  2783 | D:3      | Reached XP level 6. HP: 36/49 MP: 6/6
  2805 | D:3      | Reached skill level 5 in Long Blades
  2805 | D:3      | Reached skill level 1 in Invocations
  3047 | D:3      | Found a glowing golden altar of the Shining One.
  3049 | D:3      | Found a blossoming altar of Fedhas.
  3049 | D:3      | Found a deep blue altar of Sif Muna.
  3051 | D:3      | Found an ornate altar of the Wu Jian Council.
  3051 | D:3      | Found a white marble altar of Elyvilon.
  3059 | D:3      | Reached *** piety under Cheibriados
  3763 | D:4      | Killed Dowan
  3871 | D:4      | Noticed Flubbersnuff's ghost (amateur HaHu)
  3881 | D:4      | Noticed Duvessa
  3911 | D:4      | Killed Flubbersnuff's ghost
  3911 | D:4      | Gained mutation: You have a pair of small horns on your head. [demonic ancestry]
  3911 | D:4      | Reached XP level 7. HP: 10/56 MP: 7/9
  3923 | D:4      | Killed Duvessa
  4212 | D:4      | Reached skill level 6 in Long Blades
  4220 | D:4      | Reached **** piety under Cheibriados
  4746 | D:4      | Noticed Grinder
  4748 | D:4      | Paralysed by Grinder for 6 turns
  4762 | D:4      | Killed Grinder
  4762 | D:4      | Gained mutation: You sometimes gain power by taking damage. [demonic ancestry]
  4762 | D:4      | Reached XP level 8. HP: 32/64 MP: 9/11
  5244 | D:4      | Found a basalt altar of Yredelemnul.
  5340 | D:3      | Killed Jaiteiro's ghost
  5340 | D:3      | Reached skill level 5 in Fighting
  5340 | D:3      | Reached skill level 5 in Dodging
  5476 | D:5      | Entered Level 5 of the Dungeon
  5795 | D:5      | Found a basalt altar of Yredelemnul.
  5800 | D:5      | Reached skill level 7 in Long Blades
  5800 | D:5      | Reached skill level 5 in Invocations
  6481 | D:5      | Found a stormy altar of Qazlal.
  6491 | D:5      | Found a glowing silver altar of Zin.
  6517 | D:6      | Gained mutation: You are completely covered in rugged brown scales. (AC +3, +7% HP) [demonic ancestry]
  6517 | D:6      | Reached XP level 9. HP: 59/72 MP: 13/13
  6568 | D:6      | Noticed a two-headed ogre
  6578 | D:6      | Killed a two-headed ogre
  6578 | D:6      | Reached skill level 8 in Long Blades
  6727 | D:6      | Noticed Prince Ribbit
  6735 | D:6      | Gained mutation: You are covered in fur. (AC +1) [potion of mutation]
  6735 | D:6      | Gained mutation: Your flesh is heat resistant. (rF+) [potion of mutation]
  6737 | D:6      | Killed Prince Ribbit
  7227 | D:6      | Reached skill level 9 in Long Blades
  7544 | D:6      | Found a staircase to the Ecumenical Temple.
  7598 | D:6      | Gained mutation: You have a pair of horns on your head. [demonic ancestry]
  7598 | D:6      | Reached XP level 10. HP: 67/81 MP: 15/15
  7692 | D:6      | Noticed Sigmund
  7700 | D:6      | Killed Sigmund
  7887 | D:6      | Found a shimmering altar of Xom.
  8242 | D:7      | Found a hazy altar of Hepliaklqana.
  8786 | D:8      | Reached ***** piety under Cheibriados
  8955 | D:8      | Reached skill level 10 in Long Blades
  9017 | D:8      | Noticed Pikel
  9035 | D:8      | Killed Pikel
  9218 | D:8      | Noticed Erica
  9227 | D:8      | Killed Erica
  9376 | D:9      | Gained mutation: You are powered by pain. [demonic ancestry]
  9376 | D:9      | Reached XP level 11. HP: 91/91 MP: 17/17
  9472 | D:9      | Found an iron altar of Okawaru.
  9579 | D:9      | Found a staircase to the Lair.
  9612 | D:9      | Noticed Zorot's ghost (novice OpMo)
  9617 | D:9      | Killed Zorot's ghost
  9809 | D:9      | Noticed a two-headed ogre
  9814 | D:9      | Killed a two-headed ogre
 10062 | D:9      | Noticed a two-headed ogre
 10067 | D:9      | Killed a two-headed ogre
 10252 | D:9      | Reached skill level 11 in Long Blades
 10254 | D:9      | Reached skill level 10 in Invocations
 10392 | D:10     | Entered Level 10 of the Dungeon
 10620 | D:10     | Got a warped lapis lazuli ring
 10621 | D:10     | Identified the ring "Kiuqulara" {Wiz rElec} (You found it on level 10 of the Dungeon)
 11152 | D:10     | Found a blossoming altar of Fedhas.
 11171 | D:10     | Noticed an oklob plant
 11306 | D:11     | Reached ****** piety under Cheibriados
 11626 | D:11     | Noticed a two-headed ogre
 11629 | D:11     | Killed a two-headed ogre
 11887 | D:11     | Noticed an unseen horror
 11888 | D:11     | Killed an unseen horror
 11948 | D:11     | Learned a level 1 spell: Apportation
 12307 | D:12     | Noticed a two-headed ogre
 12315 | D:12     | Killed a two-headed ogre
 12315 | D:12     | Reached XP level 12. HP: 75/100 MP: 20/20
 12441 | D:12     | Noticed a two-headed ogre
 12443 | D:12     | Killed a two-headed ogre
 12510 | D:12     | Noticed diana's ghost (journeyman MiFi)
 12520 | D:12     | Killed diana's ghost
 12520 | D:12     | Reached skill level 12 in Long Blades
 12869 | D:12     | Noticed Nergalle
 12895 | D:12     | Killed Nergalle
 12911 | D:12     | Found a white marble altar of Elyvilon.
 13048 | D:12     | Found a portal to a secret trove of treasure.
 13191 | D:12     | Found a staircase to the Orcish Mines.
 13279 | Lair:1   | Entered Level 1 of the Lair of Beasts
 13320 | Lair:1   | Found a labyrinth entrance.
 13329 | Lair:1   | Found a frozen archway.
 13370 | Lab      | Entered a labyrinth
 13515 | Lab      | Got an ancient scimitar
 13516 | Lab      | Identified the cursed +3 scimitar of Dissent {flame, rN++ MP+9 Dex-4 Stlth+} (You found it in a labyrinth)
 13913 | Lab      | Noticed a minotaur
 13924 | Lab      | Killed a minotaur
 14010 | Lab      | Reached skill level 10 in Fighting
 14405 | Lair:1   | Noticed an eight-headed hydra
 14419 | Lair:1   | Killed a four-headed hydra
 15050 | Lair:1   | Learned a level 3 spell: Regeneration
 15160 | Lair:2   | Found a staircase to the Snake Pit.
 15329 | Lair:2   | Reached skill level 1 in Necromancy
 15335 | Lair:2   | Reached skill level 1 in Spellcasting
 15335 | Lair:2   | Gained mutation: You have a pair of large horns on your head. [demonic ancestry]
 15335 | Lair:2   | Reached XP level 13. HP: 85/110 MP: 22/22
 15337 | Lair:2   | Reached skill level 13 in Long Blades
 15809 | Lair:2   | Found a staircase to the Swamp.
 16531 | Lair:3   | Noticed Snorg
 16541 | Lair:3   | Killed Snorg
 17020 | Lair:4   | Reached skill level 10 in Dodging
 17198 | Lair:4   | Noticed Harold
 17207 | Lair:4   | Killed Harold
 17496 | Lair:4   | Got a dazzling leather armour
 17507 | Lair:4   | Identified the +0 leather armour of the Bard {Dex+6} (You found it on level 4 of the Lair of Beasts)
 18603 | Lair:6   | Entered Level 6 of the Lair of Beasts
 18603 | Lair:6   | Noticed Josephine
 18617 | Lair:6   | Killed Josephine
 19114 | Lair:6   | Reached XP level 14. HP: 117/119 MP: 23/23
 19176 | Lair:6   | Found a viscous altar of Jiyva.
 19176 | Lair:6   | Found a staircase to the Slime Pits.
 19371 | Lair:6   | Reached skill level 14 in Long Blades
 19373 | Lair:6   | Reached skill level 5 in Necromancy
 19902 | Lair:1   | Learned a level 1 spell: Beastly Appendage
 20056 | D:13     | Noticed an entropy weaver
 20057 | D:13     | Noticed an entropy weaver
 20061 | D:13     | Killed an entropy weaver
 20073 | D:13     | Killed an entropy weaver
 20561 | D:13     | Reached skill level 5 in Spellcasting
 21183 | D:14     | Found a gate to the Vaults.
 21183 | D:14     | Noticed Urug
 21183 | D:14     | Noticed Nessos
 21185 | D:14     | Killed Nessos
 21191 | D:14     | Killed Urug
 21463 | D:14     | Found Deceont's Antique Armour Shoppe.
 21787 | D:14     | Noticed a war gargoyle
 21795 | D:14     | Killed a war gargoyle
 21795 | D:14     | Gained mutation: You are partially covered in sharp spines. [demonic ancestry]
 21795 | D:14     | Reached XP level 15. HP: 78/127 MP: 25/25
 22074 | D:15     | Entered Level 15 of the Dungeon
 22293 | D:15     | Noticed Raikon's ghost (adept MiGl)
 22313 | D:15     | Killed Raikon's ghost
 22437 | D:15     | Found a staircase to the Depths.
 22437 | D:15     | Noticed a frost giant
 22446 | D:15     | Killed a frost giant
 22458 | D:15     | Reached skill level 15 in Long Blades
 22794 | Orc:1    | Entered Level 1 of the Orcish Mines
 23099 | Orc:2    | Entered Level 2 of the Orcish Mines
 23294 | Orc:2    | Found a staircase to the Elven Halls.
 23475 | Orc:2    | Found a roughly hewn altar of Beogh.
 23479 | Orc:2    | Found Veipuas's Antique Weapon Emporium.
 23546 | Orc:2    | Found a roughly hewn altar of Beogh.
 23555 | Orc:2    | Found Yciunux's Gadget Shop.
 23624 | Orc:2    | Noticed an orc warlord
 23628 | Orc:2    | Found Unydess's Antique Armour Shop.
 23638 | Orc:2    | Killed an orc warlord
 23639 | Orc:2    | Found a roughly hewn altar of Beogh.
 23678 | Orc:2    | Found Vysup's Antique Weapon Boutique.
 23762 | Orc:2    | Found a roughly hewn altar of Beogh.
 23779 | Orc:2    | Found a roughly hewn altar of Beogh.
 23814 | Orc:2    | Found a roughly hewn altar of Beogh.
 23922 | Orc:2    | Bought a blackened scale mail for 315 gold pieces
 23922 | Orc:2    | Bought a pair of encrusted gloves for 332 gold pieces
 23939 | Orc:2    | Identified the +1 scale mail of Philately {rF++} (You bought it in a shop on level 2 of the Orcish Mines)
 23951 | Orc:2    | Identified the cursed +0 pair of gloves "Dioxal" {Regen+ Str+7} (You bought it in a shop on level 2 of the Orcish Mines)
 23962 | Orc:2    | Bought a glowing demon blade for 576 gold pieces
 24297 | Snake:1  | Entered Level 1 of the Snake Pit
 24731 | Snake:1  | Reached skill level 15 in Invocations
 25056 | Snake:1  | Gained mutation: You are mostly covered in sharp spines. [demonic ancestry]
 25056 | Snake:1  | Reached XP level 16. HP: 105/137 MP: 23/27
 25248 | Snake:2  | Found Weuv's Gadget Emporium.
 25465 | Snake:2  | Found Xeonacw's Assorted Antiques.
 25555 | Snake:2  | Reached skill level 16 in Long Blades
 26566 | Snake:2  | Found Raopity's Food Shop.
 26758 | Snake:2  | Found Lecliopo's Book Shoppe.
 27642 | Snake:3  | Reached XP level 17. HP: 100/146 MP: 28/28
 27801 | Snake:4  | Entered Level 4 of the Snake Pit
 27990 | Snake:3  | Reached skill level 17 in Long Blades
 28568 | Snake:4  | Got a crude cloak
 28574 | Snake:4  | Identified the +0 cloak of the Wumpus {rElec} (You found it on level 4 of the Snake Pit)
 29601 | Snake:3  | HP: 7/148 [poisoned by a nagaraja (splash of poison)]
 29606 | Snake:3  | HP: 5/148 [nagaraja/orb of energy (26)]
 29608 | Snake:3  | Killed from afar by a nagaraja

Skill      XL: |  1  2  3  4  5  6  7  8  9 10 11 12 13 14 15 16 17 |
---------------+----------------------------------------------------+-----
Long Blades    | 3 4 5 6 7 9 10 11 12 13 14 15 16 17 | 17.6
Dodging        | 3 4 5 6 7 8 9 10 11 12 13 | 13.2
Fighting       | 3 4 5 6 8 9 10 11 12 13 14 | 14.1
Invocations    | 3 4 5 7 9 10 12 13 14 15 | 15.8
Necromancy     | 1 4 6 7 |  7.5
Spellcasting   | 1 3 5 6 7 8 |  8.8
Throwing       | |  1.7

Action                   |  1- 3 |  4- 6 |  7- 9 | 10-12 | 13-15 | 16-18 || total
-------------------------+-------+-------+-------+-------+-------+-------++-------
Melee: Long sword        |   118 |   219 |   189 |    60 |       |       ||   586
       Headbutt          |       |       |    96 |   263 |   384 |   207 ||   950
       Falchion          |       |       |       |   138 |       |       ||   138
       Scimitar          |       |       |       |   355 |   504 |       ||   859
       Double sword      |       |       |       |       |   329 |   417 ||   746
       Kick              |       |       |       |       |     1 |    29 ||    30
       Demon blade       |       |       |       |       |     8 |       ||     8
Throw: Throwing net      |       |       |     3 |       |       |       ||     3
 Cast: Regeneration      |       |       |       |       |     7 |    31 ||    38
       Beastly Appendage |       |       |       |       |     1 |     4 ||     5
       Apportation       |       |       |       |       |       |     1 ||     1
Invok: Slouch            |       |       |     3 |     1 |    15 |     1 ||    20
       Bend Time         |       |       |       |     3 |       |       ||     3
       Temporal Distorti |       |       |       |       |     1 |     5 ||     6
       Step From Time    |       |       |       |       |       |     2 ||     2
Evoke: Wand              |       |       |     1 |     4 |     4 |     9 ||    18
  Use: Potion            |     1 |     6 |     3 |       |     1 |    10 ||    21
       Scroll            |       |       |       |    17 |    10 |    11 ||    38
 Stab: Sleeping          |       |       |     6 |    16 |    12 |     3 ||    37
       Distracted        |       |       |     1 |       |     6 |     1 ||     8
       Held in net/web   |       |       |     3 |       |       |       ||     3
  Eat: Chunk             |     2 |     2 |     3 |    18 |    22 |     1 ||    48
       Ration            |       |       |     1 |     1 |       |     3 ||     5
Armor: Leather armour    |    51 |   150 |    54 |   131 |    18 |       ||   404
       Skin              |       |       |    14 |       |       |       ||    14
       Troll leather arm |       |       |       |       |   152 |    83 ||   235
Dodge: Dodged            |   105 |   256 |   167 |   497 |   795 |   547 ||  2367
Block: Other             |       |       |       |    25 |   136 |    68 ||   229
       Reflection        |       |       |       |       |    13 |     7 ||    20
       Rpst.: Long sword |    36 |    74 |    49 |    19 |       |       ||   178
       Falchion          |       |       |       |    32 |       |       ||    32
       Scimitar          |       |       |       |    70 |   109 |       ||   179
       Double sword      |       |       |       |       |    74 |   114 ||   188
       Demon blade       |       |       |       |       |     3 |       ||     3
